 Dungeon Crawl Stone Soup version 0.29.1-2-gbd0b4ee654 (webtiles) character file.

Game seed: 4717663366954638350

19 snek11 the Ogre Mage (level 2, -1/24 HPs)
             Began as an Ogre Hedge Wizard on Oct 29, 2022.
             Was an Initiate of Makhleb.
             Slain by a jackal (2 damage)
             ... on level 2 of the Dungeon.
             The game lasted 00:03:39 (1577 turns).

snek11 the Ogre Mage (Ogre Hedge Wizard)            Turns: 1577, Time: 00:03:40

Health: -1/24      AC:  3    Str: 13    XL:     2   Next: 75%
Magic:  2/7        EV:  9    Int: 15    God:    Makhleb [......]
Gold:   44         SH:  0    Dex:  8    Spells: 8/9 levels left

rFire   . . .      SeeInvis .   a - +0 dagger
rCold   . . .      Faith    .   (no shield)
rNeg    . . .      Spirit   .   b - +0 robe
rPois   .          Reflect  .   c - +0 hat
rElec   .          Harm     .   (no cloak)
rCorr   .          Rampage  .   (gloves unavailable)
Will    .....                   (boots unavailable)
Stlth   +.........              (no amulet)
HPRegen 0.08/turn               (no ring)
MPRegen 0.10/turn               (no ring)

@: no status effects
A: large, unfitting armour, tough skin 1
a: Renounce Religion


You were on level 2 of the Dungeon.
You worshipped Makhleb.
Makhleb was noncommittal.
You visited 1 branch of the dungeon, and saw 2 of its levels.

You collected 44 gold pieces.

Inventory:

Hand Weapons
 a - a +0 dagger (weapon)
Armour
 b - a +0 robe (worn)
 c - a +0 hat (worn)
Scrolls
 h - a scroll of poison
 i - a scroll of blinking {unknown}
 j - a scroll of enchant armour {unknown}
 k - a scroll of identify {unknown}
 l - a scroll of butterflies {unknown}
Potions
 d - a potion of magic
 e - a potion of might {unknown}
 f - a potion of curing {unknown}
 g - a potion of ambrosia {unknown}


   Skills:
 + Level 2.0 Dodging
 + Level 1.5 Stealth
 + Level 4.3 Spellcasting
 + Level 0.8 Conjurations
 + Level 1.1 Summonings
 + Level 0.8 Translocations


You had 8 spell levels left.
You knew the following spells:

 Your Spells              Type           Power      Damage    Failure   Level
a - Magic Dart            Conj           20%        1d4       12%         1

Your spell library contained the following spells:

 Spells                   Type           Power      Damage    Failure   Level
 Call Imp                 Summ           6%         N/A       17%         2
 Slow                     Hex            12%        N/A       19%         1
 Blink                    Tloc           10%        N/A       19%         2
 Conjure Flame            Conj/Fire      4%         6-21      41%         3
 Mephitic Cloud           Conj/Pois/Air  4%         N/A       43%         3


Dungeon Overview and Level Annotations

Branches:
Dungeon (2/15)

Altars:
Makhleb


Innate Abilities, Weirdness & Mutations

You are too large for most types of armour.
You have tough skin. (AC +1)


Message History

The jackal bites you but does no damage.
The jackal bites you.
You hit the jackal but do no damage.
The jackal is heavily wounded.
The jackal barely misses you.
The jackal bites you but does no damage.
The jackal barely misses you. The jackal bites you.
The jackal closely misses you. x4
You hit the jackal.
The jackal is heavily wounded.
The jackal bites you. x2; The jackal closely misses you.
The jackal bites you.
You are too injured to fight recklessly!
Casting: Magic Dart (safe; 12% risk of failure)
Confirm with . or Enter, or press ? or * to list all spells.
Aiming: Magic Dart (safe; 12% risk of failure)
Press: ? - help, Shift-Dir - straight line, f/p - jackal
Aim: a jackal (heavily wounded, 100% to hit)
The magic dart hits the jackal.
The jackal is severely wounded.
The jackal barely misses you. The jackal completely misses you.
The jackal barely misses you. The jackal bites you.
* * * LOW HITPOINT WARNING * * *
The jackal bites you but does no damage.
The jackal closely misses you.
The jackal bites you but does no damage.
The jackal bites you.
* * * LOW HITPOINT WARNING * * *
Casting: Magic Dart (safe; 12% risk of failure)
Confirm with . or Enter, or press ? or * to list all spells.
Aiming: Magic Dart (safe; 12% risk of failure)
Press: ? - help, Shift-Dir - straight line, f/p - jackal
Aim: a jackal (severely wounded, 100% to hit)
The magic dart hits the jackal but does no damage.
The jackal is severely wounded.
The jackal bites you.
* * * LOW HITPOINT WARNING * * *
The jackal closely misses you. The jackal bites you.
* * * LOW HITPOINT WARNING * * *
The jackal bites you.
You die...

.............>#
#..............
.#.............#..
<.................
##................
..................
#....h.....#....
#...$h@..)......
......hh....###.
##........<##
..........##
....####### ....
###


You could see 4 jackals.

Vanquished Creatures
  2 ball pythons (D:1)
  A bat (D:1)
  4 endoplasms (D:1)
  A giant cockroach (D:1)
  4 goblins (D:1)
  A hobgoblin (D:1)
  2 kobolds (D:1)
15 creatures vanquished.

Notes
Turn   | Place    | Note
-------+----------+-------------------------------------------
     0 | D:1      | snek11 the Ogre Hedge Wizard began the quest for the Orb.
     0 | D:1      | Reached XP level 1. HP: 16/16 MP: 5/5
   380 | D:1      | Reached skill level 1 in Summonings
   380 | D:1      | Reached XP level 2. HP: 24/24 MP: 0/6
   441 | D:1      | Reached skill level 4 in Spellcasting
  1566 | D:2      | Found a burning altar of Makhleb.
  1570 | D:2      | Became a worshipper of Makhleb the Destroyer
  1577 | D:2      | HP: 1/24 [jackal (1)]
  1577 | D:2      | Slain by a jackal

Illustrated notes

Levels and vault maps discovered:
D:1:      nicolae_arrival_washed_ashore, layout_basic, hangedman_glass_teeth
D:2:      layout_rooms, dreamdust_ecumenical_altar_grove, basic_altar

Skill      XL: |  1  2 |
---------------+-------+-----
Dodging        | 2 |  2.0
Summonings     | 1 |  1.1
Spellcasting   | 4 |  4.3
Stealth        | |  1.5
Conjurations   | |  0.8
Translocations | |  0.8

Action                   || total
-------------------------++-------
Melee: Dagger            ||    34
       Punch             ||     1
 Cast: Magic Dart        ||    29
  Use: Scroll            ||     1
Armor: Robe              ||    13
Dodge: Dodged            ||    30
